cohdb
Replays
Latest Replays
All Replays
Popular Replays
Top Player Replays
Match Explorer
How It Works
Community
CoH3 Stats
Reddit
Sign in to upload your games and track your stats! →
Sign in with Steam
Match 43594135
Unlisted
Match 43594135
Overview
Messages
Build Orders
End
Panzergrenadier Squad
Selects Italian Infantry
250 Light Carrier
Panzergrenadier Squad
Construct Light Support Kompanie
Combat Half-tracks
Fire Support Elements
Selects Sound the Alarm
Pak 38 Mechanized Group
Veteran Squad Leaders
2.5-tonne Medical Truck
Tungsten Core Ammunition
Construct Panzerarmee Kommand
Panzergrenadier Squad
Selects Prepared Positions
Panzerjäger Squad
[Admiral]Horatio
[Captain] Haddock
Carolus
灬柒霜傲雪乄
Or1on
anioki
LuckSeeker
Guitch
0
0
Comments
sign in to comment!
No comments posted yet!